 Seeded DCSS version 0.30.1-9-gdf580d7c3d (webtiles) character file.

Game seed: 11633723325983345501 (custom seed)

1355 fireball365 the Cleaver (level 8, -3/69 HPs)
             Began as a Hill Orc Fighter on Oct 14, 2023.
             Was an Initiate of Gozag.
             Succumbed to a scorpion's poison
             ... on level 6 of the Dungeon.
             The game lasted 00:10:09 (4679 turns).

fireball365 the Cleaver (Hill Orc Fighter)          Turns: 4679, Time: 00:10:09

Health: -3/69      AC:  0    Str: 27    XL:     8   Next: 63%
Magic:  8/8        EV:  8    Int:  3    God:    Gozag
Gold:   1696       SH: 13    Dex: 10    Spells: 7/7 levels left

rFire   + . .        a - +0 war axe
rCold   . . .        q - +0 tower shield
rNeg    . . .        b - +0 scale mail
rPois   .            (no helmet)
rElec   .            (no cloak)
rCorr   .            (no gloves)
SInv    +            g - +0 pair of boots
Will    ++...        (no amulet) Stlth
                     l - ring "Zavo Jae" {rF+ Will++ Int-5 SInv}
HPRegen 0.31/turn    C - +6 ring of strength
MPRegen 0.11/turn

%: no passive effects
@: lethally poisoned (-3 -> -15), corroded, gold aura
A: no striking features
a: Renounce Religion, Potion Petition, Call Merchant, Bribe Branch


You were on level 6 of the Dungeon.
You worshipped Gozag.
Gozag was most pleased with you.
You visited 2 branches of the dungeon, and saw 7 of its levels.

You collected 1798 gold pieces.
You paid 102 gold pieces to Gozag.

Inventory:

Hand Weapons
 a - a +0 war axe (weapon)
Missiles
 j - a throwing net (quivered)
 o - 13 javelins
 A - 5 curare-tipped darts
Armour
 b - a +0 scale mail (worn)
 c - a +0 buckler
 g - a +0 pair of boots (worn)
 q - a +0 tower shield (worn)
Jewellery
 l - the ring "Zavo Jae" (left hand) {rF+ Will++ Int-5 SInv}
   (You took it off a kobold on level 2 of the Dungeon)

   [ring of protection from fire]

   Int:       It affects your intelligence (-5).
   rF:        It protects you from fire.
   SInv:      It lets you see invisible.
   Will:      It greatly increases your willpower.
 u - an amulet of faith
 v - an amulet of reflection
 y - a ring of protection from fire
 C - a +6 ring of strength (right hand)
 F - a +6 ring of strength
Wands
 z - a wand of polymorph (5)
Scrolls
 e - 3 scrolls of enchant armour {unknown}
 f - 3 scrolls of teleportation {unknown}
 h - a scroll of identify
 i - a scroll of fear
 r - a scroll of magic mapping
 s - 2 scrolls of poison
 w - 2 scrolls of silence
 E - 3 scrolls of torment {unknown}
 G - 2 scrolls of enchant weapon {unknown}
Potions
 d - 3 potions of might
 k - 2 potions of ambrosia {unknown}
 m - a potion of mutation {unknown}
 n - a potion of heal wounds {unknown}
 p - a potion of degeneration {unknown}
 t - 2 potions of curing {unknown}
 x - a potion of cancellation {unknown}


   Skills:
 - Level 5.5 Fighting
 + Level 9.4 Axes
 + Level 5.3 Armour
 + Level 2.1 Dodging
 + Level 0.6 Stealth
 + Level 5.9 Shields


You had 7 spell levels left.
You didn't know any spells.
Your spell library contained the following spells:

 Spells                   Type           Power      Damage    Failure   Level
 Ensorcelled Hibernation  Hex/Ice        0%         N/A       100%        2
 Passwall                 Tmut/Erth      0%         N/A       100%        2
 Static Discharge         Conj/Air       0%         2-2/arc   100%        2
 Gell's Gravitas          Tloc           0%         N/A       100%        3
 Swiftness                Air            0%         N/A       100%        3
 Teleport Other           Tloc           0%         N/A       100%        3
 Airstrike                Air            0%         2d(0-16)  100%        4
 Summon Ice Beast         Ice/Summ       0%         N/A       100%        4
 Summon Lightning Spire   Summ/Air       0%         N/A       100%        4
 Summon Mana Viper        Hex/Summ       0%         N/A       100%        5
 Dispersal                Tloc           0%         N/A       100%        6
 Monstrous Menagerie      Summ           0%         N/A       100%        7


Dungeon Overview and Level Annotations

Branches:
Dungeon (6/15)             Temple (1/1) D:4

Altars:
Ashenzari
Gozag
Hepliaklqana
Makhleb
Nemelex Xobeh
Okawaru
Qazlal
Ru
Sif Muna
Xom
Yredelemnul
Zin
The Shining One


Message History

You feel very sick. You block the scorpion's attack.
You feel very sick. You block the scorpion's attack.
You barely miss the scorpion.
You feel sick. The scorpion stings you.
You are more poisoned.
The scorpion poisons you! You block the scorpion's attack.
You hit the scorpion.
The scorpion is lightly wounded.
You hit the jelly. The acid corrodes you!
Your hands burn!
You feel very sick.
The scorpion stings you but does no damage.
The jelly hits you.
You are splashed with acid!
You closely miss the scorpion.
The scorpion is lightly wounded.
You slash the jelly! The acid corrodes you!
Your hands burn!
You feel very sick. The scorpion stings you. The jelly barely misses you.
The scorpion stings you.
You barely miss the scorpion.
The scorpion is lightly wounded.
You hit the jelly.
You kill the jelly!
You feel sick. The scorpion stings you!
* * * LOW HITPOINT WARNING * * *
You barely miss the scorpion.
The scorpion is lightly wounded.
You feel sick. You block the scorpion's attack. The scorpion stings you.
* * * LOW HITPOINT WARNING * * *
You are lethally poisoned!
The scorpion poisons you!
You hit the scorpion.
The scorpion is heavily wounded.
* * * LOW HITPOINT WARNING * * *
You feel very sick. The scorpion stings you.
* * * LOW HITPOINT WARNING * * *
You hit the scorpion but do no damage.
The scorpion is heavily wounded.
You die...
Your body crumbles into a pile of gold.

# $ # . # ........# .# #
........# #.# #
........# ##..# #
........#### ...###
##...........#####....(.
.#......................
.............).s@$......
###..........!...#......
####...........# .....
#..#.##.....# ....
#....<#.....# ###
####.##.....# #.##.....#
#>######## #.#


You could see a scorpion.

Vanquished Creatures
  A black bear (D:6)
  3 ice beasts
  5 phantoms
  A bullfrog (D:6)
  A scorpion (D:4)
  A centaur zombie (D:4)
  A bullfrog skeleton (D:4)
  2 hounds
  A jelly (D:6)
  3 scorpion zombies (D:4)
  An orc wizard (D:5)
  A hound zombie (D:4)
  A hound skeleton (D:4)
  2 howler monkey zombies (D:4)
  9 adders
  3 adder skeletons (D:4)
  3 adder zombies (D:4)
  3 worms
  A dart slug (D:1)
  8 orcs
  9 endoplasms
  4 giant cockroaches
  12 hobgoblins
  10 jackals
  2 quokkas
  10 ball pythons
  3 bats
  3 frilled lizards
  7 goblins
  9 kobolds
  6 rats
126 creatures vanquished.

Notes
Turn   | Place    | Note
-------+----------+-------------------------------------------
     0 | D:1      | fireball365 the Hill Orc Fighter began the quest for the
                  | Orb.
     0 | D:1      | Reached XP level 1. HP: 19/19 MP: 1/1
   113 | D:1      | Reached XP level 2. HP: 24/27 MP: 2/2
   350 | D:1      | Reached skill level 3 in Axes
   518 | D:1      | Reached XP level 3. HP: 33/33 MP: 3/3
  1013 | D:2      | Reached XP level 4. HP: 35/40 MP: 4/4
  1210 | D:2      | Reached skill level 4 in Axes
  1229 | D:2      | Identified the ring "Zavo Jae" {rF+ Will++ Int-5 SInv}
  1835 | D:3      | Reached XP level 5. HP: 47/47 MP: 5/5
  2468 | D:4      | Noticed a phantom
  2483 | D:4      | Killed a phantom
  2484 | D:4      | Reached skill level 5 in Axes
  2546 | D:4      | Reached skill level 1 in Dodging
  2546 | D:4      | Reached XP level 6. HP: 46/53 MP: 6/6
  2565 | D:4      | Reached skill level 6 in Axes
  2688 | D:4      | Reached XP level 7. HP: 52/60 MP: 7/7
  2834 | D:4      | Reached skill level 7 in Axes
  3016 | D:4      | Found a shimmering altar of Xom.
  3017 | D:4      | Found a shimmering altar of Xom.
  3018 | D:4      | Found a shimmering altar of Xom.
  3018 | D:4      | Found a shimmering altar of Xom.
  3031 | D:4      | Found a staircase to the Ecumenical Temple.
  3046 | Temple   | Entered the Ecumenical Temple
  3133 | Temple   | Became a worshipper of Gozag Ym Sagoz the Greedy
  3181 | D:4      | Found a shimmering altar of Xom.
  3184 | D:4      | Found a shimmering altar of Xom.
  3184 | D:4      | Found a shimmering altar of Xom.
  3249 | D:4      | Found a shimmering blue altar of Sif Muna.
  3338 | D:4      | Reached skill level 5 in Fighting
  3510 | D:5      | Entered Level 5 of the Dungeon
  3729 | D:5      | Reached skill level 8 in Axes
  3729 | D:5      | Reached skill level 5 in Shields
  3729 | D:5      | Reached XP level 8. HP: 52/68 MP: 8/8
  4098 | D:5      | Found an iron altar of Okawaru.
  4192 | D:5      | Identified a scroll of acquirement
  4192 | D:5      | Acquired 1214 gold pieces
  4274 | D:6      | Reached skill level 5 in Armour
  4339 | D:6      | Reached skill level 9 in Axes
  4423 | D:6      | Found a glowing golden altar of the Shining One.
  4678 | D:6      | HP: 1/69 [scorpion (5)]
  4679 | D:6      | Succumbed to a scorpion's poison

Illustrated notes

Levels and vault maps discovered:
D:1:      heliophobic_arrival_glass_houses, layout_basic,
          hangedman_abyss_or_decor_stabs, minmay_box_of_dots
D:2:      layout_basic
D:3:      layout_basic
D:4:      layout_basic, led_sif_pool, nicolae_xom_altar_mimics,
          minmay_temple_entry_poolview, serial_undead, serial_undead_a,
          serial_undead_f, serial_undead_e, serial_undead_d, serial_undead_d,
          serial_undead_f, grunt_ministairs_6, minmay_pentomino_pile
D:5:      layout_loops_ring, hellmonk_okawaru_the_only_friend_you_need
D:6:      layout_basic, mainiacjoe_overflow_paths
Temple:   jpeg_temple_island

Skill      XL: |  1  2  3  4  5  6  7  8 |
---------------+-------------------------+-----
Fighting       | 4 5 |  5.5
Axes           | 3 4 5 6 8 9 |  9.4
Armour         | 4 5 |  5.3
Shields        | 4 5 |  5.9
Dodging        | 1 2 |  2.1
Stealth        | |  0.6

Action                     |  1- 3 |  4- 6 |  7- 9 || total
---------------------------+-------+-------+-------++-------
  Melee: War axe           |    98 |   163 |   118 ||   379
    Use: Scroll            |       |       |     7 ||     7
 Armour: Scale mail        |    55 |   106 |    43 ||   204
  Dodge: Dodged            |    46 |   103 |    37 ||   186
  Block: Buckler           |    18 |    16 |       ||    34
         Tower shield      |       |    89 |    98 ||   187
